| TOP OF THE 1ST |
|
Cincinnati (NYP) Reds batting - Pitching for Brooklyn Cyclones : RHP Jonathan Colyer
|
|
Pitching: RHP Jonathan Colyer
|
|
|
Batting: LHB Jason Pirkle
|
0-0: Ball 1-0: Foul Ball, location: 2F 1-1: Ball 2-1: Ground out 6-3 (Groundball, 6M, EV 105.0 MPH)
|
|
Batting: RHB Tim Walter
|
0-0: Foul Ball, location: 2F 0-1: Ground out 5-3 (Groundball, 5L, EV 81.9 MPH)
|
|
Batting: LHB Matthew Berry
|
0-0: Ball 1-0: Foul Ball, location: 2F 1-1: Foul Ball, location: 2F 1-2: Strikes out swinging
|
| Top of the 1st over - 0 runs, 0 hits, 0 errors, 0 left on base; Cincinnati (NYP) 0 - Brooklyn 0 |
| BOTTOM OF THE 1ST |
|
Brooklyn Cyclones batting - Pitching for Cincinnati (NYP) Reds : LHP Jesus Perez
|
|
Pitching: LHP Jesus Perez
|
|
|
Batting: LHB Elmo Dreier
|
0-0: DOUBLE (Line Drive, 9LM, EV 100.0 MPH)
|
|
Batting: SHB Callum Lynch
|
0-0: Ball 1-0: Called Strike 1-1: Foul Ball, location: 2F 1-2: Strikes out swinging
|
|
Batting: RHB Jake Geib
|
0-0: Ball 1-0: Fly out, F9 (Flyball, 9S, EV 90.6 MPH)
|
|
Batting: LHB Miguel Ramos
|
0-0: SINGLE (Groundball, 56D, EV 105.6 MPH) Elmo Dreier to third Runner from 3rd tries for Home, SAFE, throw by LF to home
|
|
Batting: RHB Jayden Copeland
|
0-0: Ball 1-0: Foul Ball, location: 2F 1-1: Ball 2-1: Swinging Strike 2-2: Fielders Choice at 2nd, 6-4 (Groundball, 6, EV 85.0 MPH)
|
| Bottom of the 1st over - 1 run, 2 hits, 0 errors, 1 left on base; Cincinnati (NYP) 0 - Brooklyn 1 |
| TOP OF THE 2ND |
|
Cincinnati (NYP) Reds batting - Pitching for Brooklyn Cyclones : RHP Jonathan Colyer
|
|
Batting: SHB Tim Utz
|
0-0: Ball 1-0: Called Strike 1-1: Ball 2-1: Fly out, F9 (Flyball, 89M, EV 88.8 MPH)
|
|
Batting: SHB Cesar Pelayo
|
0-0: Ball 1-0: Ground out 6-3 (Groundball, 6, EV 103.8 MPH)
|
|
Batting: LHB Brian Dickeson
|
0-0: Called Strike 0-1: Swinging Strike 0-2: Ball 1-2: Ball 2-2: Ball 3-2: Fly out, F5 (Popup, 5S, EV 87.5 MPH)
|
| Top of the 2nd over - 0 runs, 0 hits, 0 errors, 0 left on base; Cincinnati (NYP) 0 - Brooklyn 1 |
| BOTTOM OF THE 2ND |
|
Brooklyn Cyclones batting - Pitching for Cincinnati (NYP) Reds : LHP Jesus Perez
|
|
Batting: RHB Victor Reyes
|
0-0: Ball 1-0: Ground out 1-3 (Groundball, 13, EV 67.5 MPH)
|
|
Batting: RHB Frank Shaw
|
0-0: Ball 1-0: Called Strike 1-1: Ball 2-1: Ball 3-1: Foul Ball, location: 2F 3-2: Foul Ball, location: 2F 3-2: Fly out, F8 (Flyball, 89D, EV 78.1 MPH)
|
|
Batting: RHB Tom Primmer
|
0-0: Ball 1-0: Ball 2-0: Called Strike 2-1: Ball 3-1: Base on Balls
|
|
Batting: SHB Duri Chilemba
|
0-0: Called Strike 0-1: Called Strike Tom Primmer steals 2nd base 0-2: Ball 1-2: Strikes out swinging
|
| Bottom of the 2nd over - 0 runs, 0 hits, 0 errors, 1 left on base; Cincinnati (NYP) 0 - Brooklyn 1 |
| TOP OF THE 3RD |
|
Cincinnati (NYP) Reds batting - Pitching for Brooklyn Cyclones : RHP Jonathan Colyer
|
|
Batting: RHB Tony Diaz
|
0-0: Called Strike 0-1: Fly out, F7 (Line Drive, 7, EV 89.4 MPH)
|
|
Batting: RHB Cyd Carver
|
0-0: Foul Ball, location: 2F 0-1: Ball 1-1: Ball 2-1: Ground out 5-3 (Groundball, 56, EV 103.8 MPH)
|
|
Batting: RHB Yasusaburo Kuwahara
|
0-0: Hit by Pitch
|
|
Batting: LHB Jason Pirkle
|
0-0: Called Strike Yasusaburo Kuwahara steals 2nd base 0-1: SINGLE (Groundball, 34D, EV 93.8 MPH) Yasusaburo Kuwahara to third Runner from 3rd tries for Home, throw by RF and OUT! 9-2
|
| Top of the 3rd over - 0 runs, 1 hit, 0 errors, 1 left on base; Cincinnati (NYP) 0 - Brooklyn 1 |
| BOTTOM OF THE 3RD |
|
Brooklyn Cyclones batting - Pitching for Cincinnati (NYP) Reds : LHP Jesus Perez
|
|
Batting: LHB Elmo Dreier
|
0-0: Ball 1-0: Swinging Strike 1-1: Ball 2-1: Fly out, F7 (Flyball, 7S, EV 90.0 MPH)
|
|
Batting: SHB Callum Lynch
|
0-0: Bunt missed! 0-1: Foul Ball, location: 2F 0-2: Foul Ball, location: 2F 0-2: Strikes out swinging
|
|
Batting: RHB Jake Geib
|
0-0: Called Strike 0-1: Called Strike 0-2: Foul Ball, location: 2F 0-2: Ball 1-2: Foul Ball, location: 2F 1-2: Ball 2-2: Foul Ball, location: 2F 2-2: Ball 3-2: Base on Balls
|
|
Batting: LHB Miguel Ramos
|
0-0: Swinging Strike 0-1: Swinging Strike 0-2: Ball 1-2: Ball 2-2: Ball 3-2: Strikes out swinging
|
| Bottom of the 3rd over - 0 runs, 0 hits, 0 errors, 1 left on base; Cincinnati (NYP) 0 - Brooklyn 1 |
| TOP OF THE 4TH |
|
Cincinnati (NYP) Reds batting - Pitching for Brooklyn Cyclones : RHP Jonathan Colyer
|
|
Batting: RHB Tim Walter
|
0-0: Foul Ball, location: 2F 0-1: Ground out 6-3 (Groundball, 56, EV 95.0 MPH)
|
|
Batting: LHB Matthew Berry
|
0-0: Called Strike 0-1: Ball 1-1: Foul Ball, location: 2F 1-2: Foul Ball, location: 2F 1-2: Foul Ball, location: 2F 1-2: SINGLE (Line Drive, 89S, EV 90.6 MPH)
|
|
Batting: SHB Tim Utz
|
0-0: Foul Ball, location: 2F 0-1: Fly out, F7 (Flyball, 7LSF, EV 97.5 MPH)
|
|
Batting: SHB Cesar Pelayo
|
0-0: Swinging Strike 0-1: Foul Ball, location: 2F 0-2: Strikes out swinging
|
| Top of the 4th over - 0 runs, 1 hit, 0 errors, 1 left on base; Cincinnati (NYP) 0 - Brooklyn 1 |
| BOTTOM OF THE 4TH |
|
Brooklyn Cyclones batting - Pitching for Cincinnati (NYP) Reds : LHP Jesus Perez
|
|
Batting: RHB Jayden Copeland
|
0-0: Called Strike 0-1: Foul Ball, location: 2F 0-2: Ground out 5-3 (Groundball, 5, EV 110.0 MPH)
|
|
Batting: RHB Victor Reyes
|
0-0: Called Strike 0-1: Ball 1-1: Ball 2-1: Foul Ball, location: 2F 2-2: Foul Ball, location: 2F 2-2: Strikes out swinging
|
|
Batting: RHB Frank Shaw
|
0-0: Ball 1-0: Called Strike 1-1: Ball 2-1: Ball 3-1: Fly out, F7 (Flyball, 7, EV 85.0 MPH)
|
| Bottom of the 4th over - 0 runs, 0 hits, 0 errors, 0 left on base; Cincinnati (NYP) 0 - Brooklyn 1 |
| TOP OF THE 5TH |
|
Cincinnati (NYP) Reds batting - Pitching for Brooklyn Cyclones : RHP Jonathan Colyer
|
|
Batting: LHB Brian Dickeson
|
0-0: Called Strike 0-1: Foul Ball, location: 2F 0-2: Ball 1-2: Strikes out swinging
|
|
Batting: RHB Tony Diaz
|
0-0: Called Strike 0-1: SINGLE (Flyball, 4D, EV 93.8 MPH)
|
|
Batting: RHB Cyd Carver
|
0-0: Ball 1-0: Ball 2-0: Fly out, F8 (Flyball, 89M, EV 98.1 MPH)
|
|
Batting: RHB Yasusaburo Kuwahara
|
0-0: Foul Ball, location: 2F 0-1: SINGLE (Line Drive, 9S, EV 89.4 MPH) Tony Diaz to second Runner from 2nd tries for 3rd, SAFE, throw by RF made to third
|
|
Batting: LHB Jason Pirkle
|
0-0: Ball 1-0: Ball 2-0: Ball 3-0: Called Strike 3-1: Foul Ball, location: 2F 3-2: Foul Ball, location: 2F 3-2: Foul Ball, location: 2F 3-2: Fly out, F8 (Flyball, 8RXD, EV 76.2 MPH)
|
| Top of the 5th over - 0 runs, 2 hits, 0 errors, 2 left on base; Cincinnati (NYP) 0 - Brooklyn 1 |
| BOTTOM OF THE 5TH |
|
Brooklyn Cyclones batting - Pitching for Cincinnati (NYP) Reds : LHP Jesus Perez
|
|
Batting: RHB Tom Primmer
|
0-0: Called Strike 0-1: Ball 1-1: Foul Ball, location: 2F 1-2: Ground out 4-3 (Groundball, 34, EV 78.8 MPH)
|
|
Batting: SHB Duri Chilemba
|
0-0: Ball 1-0: DOUBLE (Flyball, 8LD, EV 101.9 MPH)
|
|
Batting: LHB Elmo Dreier
|
0-0: Swinging Strike 0-1: Called Strike 0-2: Foul Ball, location: 2F 0-2: Ball 1-2: SINGLE (Line Drive, 89S, EV 111.2 MPH) Duri Chilemba to third Runner from 3rd tries for Home, throw by CF and OUT! 8-2
|
|
Batting: SHB Callum Lynch
|
0-0: Ball Wild Pitch! Elmo Dreier to second 1-0: Foul Ball, location: 2F 1-1: Foul Ball, location: 2F 1-2: Ball 2-2: Foul Ball, location: 2F 2-2: Foul Ball, location: 2F 2-2: Ground out 2-3 (Groundball, 2L, EV 62.5 MPH)
|
| Bottom of the 5th over - 0 runs, 2 hits, 0 errors, 1 left on base; Cincinnati (NYP) 0 - Brooklyn 1 |
| TOP OF THE 6TH |
|
Cincinnati (NYP) Reds batting - Pitching for Brooklyn Cyclones : RHP Jonathan Colyer
|
|
Batting: RHB Tim Walter
|
0-0: Called Strike 0-1: Ball 1-1: Ground out 5-3 (Groundball, 5, EV 83.1 MPH)
|
|
Batting: LHB Matthew Berry
|
0-0: Single, Error in OF, E8, batter to second base (Groundball, 6MD, EV 95.0 MPH)
|
|
Batting: SHB Tim Utz
|
0-0: Foul Ball, location: 2F 0-1: Foul Ball, location: 2F 0-2: Ball 1-2: Foul Ball, location: 2F 1-2: Ground out 5-3 (Groundball, 56, EV 94.4 MPH)
|
|
Batting: SHB Cesar Pelayo
|
0-0: Ground out 1-3 (Groundball, 15S, EV 66.9 MPH)
|
| Top of the 6th over - 0 runs, 1 hit, 1 error, 1 left on base; Cincinnati (NYP) 0 - Brooklyn 1 |
| BOTTOM OF THE 6TH |
|
Brooklyn Cyclones batting - Pitching for Cincinnati (NYP) Reds : LHP Jesus Perez
|
|
Batting: RHB Jake Geib
|
0-0: Called Strike 0-1: Ball 1-1: Foul Ball, location: 2F 1-2: Ball 2-2: Ball 3-2: Base on Balls
|
|
Batting: LHB Miguel Ramos
|
0-0: DOUBLE (Line Drive, 89D, EV 97.5 MPH) Jake Geib to third
|
|
Batting: RHB Jayden Copeland
|
0-0: Foul Ball, location: 2F 0-1: Foul Ball, location: 2F 0-2: Ball 1-2: Ball 2-2: Foul Ball, location: 2F 2-2: Ball Wild Pitch! Jake Geib scores Miguel Ramos to third 3-2: Base on Balls
|
|
Batting: RHB Victor Reyes
|
0-0: Ball 1-0: SINGLE (Line Drive, 56D, EV 99.4 MPH) Miguel Ramos scores Jayden Copeland to second
|
|
Batting: RHB Frank Shaw
|
0-0: Fielders Choice at 2nd, 4-6 (Groundball, 34D, EV 81.9 MPH) Jayden Copeland to third
|
|
Batting: RHB Tom Primmer
|
0-0: Called Strike 0-1: SINGLE (Groundball, 56D, EV 106.2 MPH) Jayden Copeland scores Frank Shaw to second
|
|
Batting: SHB Duri Chilemba
|
0-0: Ball 1-0: Fly out, F9 (Flyball, 9D, EV 95.6 MPH)
|
|
Pitching: RHP Lee Durbin
|
|
|
Batting: LHB Elmo Dreier
|
0-0: Ball 1-0: Foul Ball, location: 2F 1-1: Swinging Strike 1-2: Strikes out swinging
|
| Bottom of the 6th over - 3 runs, 3 hits, 0 errors, 2 left on base; Cincinnati (NYP) 0 - Brooklyn 4 |
| TOP OF THE 7TH |
|
Cincinnati (NYP) Reds batting - Pitching for Brooklyn Cyclones : RHP Jonathan Colyer
|
|
Batting: LHB Brian Dickeson
|
0-0: Swinging Strike 0-1: Foul Ball, location: 2F 0-2: Foul Ball, location: 2F 0-2: SINGLE (Groundball, 6D, EV 101.9 MPH)
|
|
Batting: RHB Tony Diaz
|
0-0: Called Strike 0-1: Fly out, F7 (Flyball, 7, EV 85.6 MPH)
|
|
Batting: RHB Cyd Carver
|
0-0: Called Strike 0-1: Ball 1-1: Grounds into double play, 6-4-3 (Groundball, 6M, EV 99.4 MPH)
|
| Top of the 7th over - 0 runs, 1 hit, 0 errors, 0 left on base; Cincinnati (NYP) 0 - Brooklyn 4 |
| BOTTOM OF THE 7TH |
|
Brooklyn Cyclones batting - Pitching for Cincinnati (NYP) Reds : RHP Lee Durbin
|
|
Batting: SHB Callum Lynch
|
0-0: Swinging Strike 0-1: Swinging Strike 0-2: Ball 1-2: Foul Ball, location: 2F 1-2: Strikes out looking
|
|
Batting: RHB Jake Geib
|
0-0: Ball 1-0: Foul Ball, location: 2F 1-1: Swinging Strike 1-2: Ball 2-2: Strikes out swinging
|
|
Batting: LHB Miguel Ramos
|
0-0: Called Strike 0-1: Ball 1-1: Fly out, F8 (Flyball, 8LXD, EV 103.1 MPH)
|
| Bottom of the 7th over - 0 runs, 0 hits, 0 errors, 0 left on base; Cincinnati (NYP) 0 - Brooklyn 4 |
| TOP OF THE 8TH |
|
Cincinnati (NYP) Reds batting - Pitching for Brooklyn Cyclones : RHP Jonathan Colyer
|
|
Batting: RHB Yasusaburo Kuwahara
|
0-0: Called Strike 0-1: Ball 1-1: Ball 2-1: SINGLE (Groundball, 56D, EV 99.4 MPH)
|
|
Batting: LHB Jason Pirkle
|
0-0: Ball 1-0: Grounds into double play, 6-4-3 (Groundball, 6M, EV 107.5 MPH)
|
|
Batting: RHB Tim Walter
|
0-0: Ball 1-0: Foul Ball, location: 2F 1-1: Foul Ball, location: 2F 1-2: Ball 2-2: Foul Ball, location: 2F 2-2: Ball 3-2: Base on Balls
|
|
Batting: LHB Matthew Berry
|
0-0: Called Strike 0-1: Ball 1-1: Ground out 4-3 (Groundball, 34D, EV 87.5 MPH)
|
| Top of the 8th over - 0 runs, 1 hit, 0 errors, 1 left on base; Cincinnati (NYP) 0 - Brooklyn 4 |
| BOTTOM OF THE 8TH |
|
Brooklyn Cyclones batting - Pitching for Cincinnati (NYP) Reds : RHP Lee Durbin
|
|
Batting: RHB Jayden Copeland
|
0-0: Ball 1-0: Ball 2-0: Foul Ball, location: 2F 2-1: Called Strike 2-2: Fly out, F7 (Flyball, 78D, EV 89.4 MPH)
|
|
Batting: RHB Victor Reyes
|
0-0: Ball 1-0: Called Strike 1-1: Ball 2-1: Ground out 4-3 (Groundball, 4, EV 90.0 MPH)
|
|
Batting: RHB Frank Shaw
|
0-0: Ball 1-0: Called Strike 1-1: Ground out U3 (Groundball, 34, EV 88.8 MPH)
|
| Bottom of the 8th over - 0 runs, 0 hits, 0 errors, 0 left on base; Cincinnati (NYP) 0 - Brooklyn 4 |
| TOP OF THE 9TH |
|
Cincinnati (NYP) Reds batting - Pitching for Brooklyn Cyclones : RHP Jonathan Colyer
|
|
Batting: SHB Tim Utz
|
0-0: Foul Ball, location: 2F 0-1: Ball 1-1: Ball 2-1: Foul Ball, location: 2F 2-2: Foul Ball, location: 2F 2-2: SINGLE (Groundball, 34D, EV 96.2 MPH)
|
|
Pitching: LHP Scott Carr
|
|
|
Batting: SHB Cesar Pelayo
|
0-0: Ball 1-0: Ball 2-0: Swinging Strike 2-1: Swinging Strike 2-2: Strikes out swinging
|
|
Pinch Hitting: RHB Randy Grewe
|
0-0: Called Strike 0-1: Foul Ball, location: 2F 0-2: Foul Ball, location: 2F 0-2: Foul Ball, location: 2F 0-2: Ball 1-2: Ball 2-2: Foul Ball, location: 2F 2-2: Fielders Choice at 2nd, 1-6 (Groundball, 34S, EV 61.2 MPH)
|
|
Batting: RHB Tony Diaz
|
0-0: Ball 1-0: Foul Ball, location: 2F 1-1: Fielders Choice at 2nd, 6-4 (Groundball, 6, EV 84.4 MPH)
|
| Top of the 9th over - 0 runs, 1 hit, 0 errors, 1 left on base; Cincinnati (NYP) 0 - Brooklyn 4 |
|